 Dungeon Crawl Stone Soup version 0.26.1-11-gd32895ea62 (webtiles) character file.

Game seed: 8207093350073887257

35 Zeld the Insei (level 3, -3/23 HPs)
             Began as an Octopode Transmuter on May 27, 2021.
             Slain by a worker ant (5 damage)
             ... on level 4 of the Dungeon.
             The game lasted 00:01:03 (1158 turns).

Zeld the Insei (Octopode Transmuter)                Turns: 1158, Time: 00:01:04

Health: -3/23      AC:  1    Str: 10    XL:     3   Next: 33%
Magic:  0/6        EV: 13    Int: 15    God:
Gold:   81         SH:  0    Dex: 12    Spells: 1/7 levels left

rFire    . . .     SeeInvis .     - Unarmed
rCold    . . .     Faith    .   (no shield)
rNeg     . . .     Spirit   .   (helmet restricted)
rPois    .         Reflect  .   (no amulet)
rElec    .         Harm     .   (no ring)
rCorr    .         Rampage  .   (no ring)
Will     .....                  (no ring)
Stlth    ++........             (no ring)
HPRegen  0.07/turn              (no ring)
MPRegen  0.10/turn              (no ring)
                                (no ring)
                                (no ring)

@: lethally poisoned (-3 -> -10), very slightly contaminated
A: almost no armour, stealthy swim, amphibious, 8 rings, constrict 8, camouflage
1, gelatinous body 1
a: no special abilities


You were on level 4 of the Dungeon.
You visited 1 branch of the dungeon, and saw 4 of its levels.

You collected 81 gold pieces.

Inventory:

Scrolls
 a - 3 scrolls of teleportation {unknown}
 d - a scroll of identify {unknown}
Potions
 b - a potion of lignification {unknown}
 c - a potion of invisibility {unknown}


   Skills:
 + Level 1.3 Fighting
 + Level 2.3 Dodging
 - Level 3.0 Unarmed Combat
 * Level 2.5 Spellcasting
 * Level 2.6 Transmutations


You had one spell level left.
You knew the following spells:

 Your Spells              Type           Power        Failure   Level
a - Beastly Appendage     Tmut           18%          7%          1
b - Wereblood             Tmut           9%           11%         2
c - Spider Form           Tmut/Pois      2%           36%         3

Your spell library contained the following spells:

 Spells                   Type           Power        Failure   Level
 Ice Form                 Ice/Tmut       5%           77%         4
 Blade Hands              Tmut           4%           89%         5


Dungeon Overview and Level Annotations

Branches:
Dungeon (4/15)
 Temple: D:4-7

Altars:


Innate Abilities, Weirdness & Mutations

You cannot wear most types of armour.
You are very stealthy in the water. (Stealth+)
You are amphibious.
You can wear up to eight rings at the same time.
You can use your tentacles to constrict eight enemies at once.
Your skin changes colour to match your surroundings (Stealth+).
Your rubbery body absorbs attacks. (AC +1, EV +1)


Message History

You are too injured to fight recklessly!
You tentacle-slap the worker ant.
The worker ant is heavily wounded.
You constrict the worker ant. The worker ant barely misses you.
You are too injured to fight recklessly!
You are too injured to fight recklessly!
You barely miss the worker ant.
The worker ant is heavily wounded.
You constrict the worker ant, but do no damage.
The worker ant bites you.
* * * LOW HITPOINT WARNING * * *
You are more poisoned.
The worker ant poisons you!
You tentacle-slap the worker ant.
You squeeze the worker ant, but do no damage.
The worker ant is severely wounded.
You constrict the worker ant, but do no damage.
* * * LOW HITPOINT WARNING * * *
You feel sick. The worker ant misses you. The worker ant bites you.
You die...

........# #..
........#### #######|.#
...........# #.......#
........##.# #.......#
......<..#.# #.......##
.........#.# #........##
.........#.###.......!.#
.........#..............
........######..@.......
........# #...B......
........# #..........
#....#### #..........
#.......... ###########


You could see a worker ant.

Vanquished Creatures
  An ooze (D:3)
  2 dart slugs
  4 orcs (D:3)
  3 bats
  A giant cockroach (D:1)
  4 hobgoblins
  4 kobolds
  A frilled lizard (D:3)
  A rat (D:3)
21 creatures vanquished.

Notes
Turn   | Place    | Note
-------+----------+-------------------------------------------
     0 | D:1      | Zeld the Octopode Transmuter began the quest for the Orb.
     0 | D:1      | Reached XP level 1. HP: 13/13 MP: 3/3
   192 | D:1      | Reached XP level 2. HP: 2/18 MP: 3/5
   198 | D:1      | Learned a level 2 spell: Wereblood
   759 | D:3      | Reached XP level 3. HP: 11/23 MP: 6/6
   772 | D:3      | Learned a level 3 spell: Spider Form
  1158 | D:4      | Slain by a worker ant

Illustrated notes

Levels and vault maps discovered:
D:1:      psy_arrival_whirlpool, layout_basic
D:2:      layout_basic, minmay_tromino_v7, uniq_jessica
D:3:      layout_basic, chequers_ecumenical_altar_simple_redux
D:4:      cheibrodos_thug_alley, layout_basic, minmay_temple_entry_wispy

Action                   || total
-------------------------++-------
Melee: Unarmed           ||    60
       Constrict         ||    22
       Kick              ||    14
       Tentacles         ||    11
       Punch             ||     5
 Cast: Beastly Appendage ||     7
Armor: Skin              ||     6
Dodge: Dodged            ||    53
